GULF
GALVESTON SAND CRABS @ ST. PETE CARDINALS
06/24/1982
 
TOP OF THE 1ST
Galveston Sand Crabs batting - Pitching for St. Pete Cardinals : RHP John Martin
Pitching: RHP John Martin
Batting: LHB David Dyrek 0-0: Called Strike
0-1: Foul Ball, location: 2F
0-2: Ball
1-2: Fly out, F6 (Line Drive, 6, EV 63.1 MPH)
Batting: SHB Ricardo Rivera 0-0: Foul Ball, location: 2F
0-1: Called Strike
0-2: Ball
1-2: Ball
2-2: Strikes out swinging
Batting: LHB Van Snider 0-0: Ball
1-0: Ball
2-0: Ball
3-0: Called Strike
3-1: SINGLE (Line Drive, 4MD, EV 105.0 MPH)
Batting: RHB Stephen Turgeon 0-0: Ball
Van Snider is caught stealing 2nd base 2-4
Top of the 1st over - 0 runs, 1 hit, 0 errors, 0 left on base; Galveston 0 - St. Pete 0
BOTTOM OF THE 1ST
St. Pete Cardinals batting - Pitching for Galveston Sand Crabs : LHP Randy Myers
Pitching: LHP Randy Myers
Batting: RHB John Roberts 0-0: Swinging Strike
0-1: Swinging Strike
0-2: Ball
1-2: Foul Ball, location: 2F
1-2: Ball
2-2: Ball
3-2: Base on Balls
Pitching: LHP Daniel Nay
Batting: RHB Victor Jimenez 0-0: Foul Ball, location: 2F
0-1: Ball
1-1: Ball
John Roberts is caught stealing 2nd base 2-4
2-1: Ball
3-1: Base on Balls
Batting: RHB Joe Scime 0-0: Called Strike
0-1: DOUBLE (Flyball, 78XD, EV 106.9 MPH)
Victor Jimenez to third
Runner from 3rd tries for Home, SAFE, throw by CF to trailing runner, SAFE at third!
Batting: RHB Eric Hardgrave 0-0: Ball
1-0: Ball
2-0: SINGLE (Line Drive, 6D, EV 101.3 MPH)
Joe Scime scores
Batting: SHB Mickey Riley 0-0: Ball
1-0: Foul Ball, location: 2F
1-1: Fly out, F7 (Flyball, 7D, EV 106.9 MPH)
Batting: RHB Omar Interiano 0-0: Ball
1-0: Ground out 4-3 (Groundball, 4, EV 95.0 MPH)
Bottom of the 1st over - 2 runs, 2 hits, 0 errors, 1 left on base; Galveston 0 - St. Pete 2
TOP OF THE 2ND
Galveston Sand Crabs batting - Pitching for St. Pete Cardinals : RHP John Martin
Batting: RHB Stephen Turgeon 0-0: Ball
1-0: SINGLE (Groundball, 56D, EV 95.6 MPH)
Batting: RHB Stephen Fleming 0-0: DOUBLE (Flyball, 5D, EV 94.4 MPH)
Stephen Turgeon to third
Batting: LHB Dave Montanari 0-0: Ball
1-0: Called Strike
1-1: Ball
2-1: Swinging Strike
2-2: Strikes out swinging
Batting: RHB Sergio Padilla 0-0: Called Strike
0-1: Called Strike
0-2: Strikes out swinging
Batting: RHB William Packer 0-0: Called Strike
0-1: Ball
1-1: Ball
2-1: Foul Ball, location: 2F
2-2: Ball
3-2: Strikes out looking
Top of the 2nd over - 0 runs, 2 hits, 0 errors, 2 left on base; Galveston 0 - St. Pete 2
BOTTOM OF THE 2ND
St. Pete Cardinals batting - Pitching for Galveston Sand Crabs : LHP Daniel Nay
Batting: RHB Tom Magrann 0-0: Called Strike
0-1: Foul Ball, location: 2F
0-2: Foul Ball, location: 2F
0-2: Foul Ball, location: 2F
0-2: Ground out 4-3 (Groundball, 4, EV 86.3 MPH)
Batting: RHB Jose Mantilla 0-0: Ball
1-0: Foul Ball, location: 2F
1-1: Ball
2-1: Swinging Strike
2-2: Foul Ball, location: 2F
2-2: Ball
3-2: Base on Balls
Batting: LHB Richard Hazard 0-0: Ball
1-0: Called Strike
1-1: Foul Ball, location: 2F
1-2: Strikes out swinging
Batting: RHB John Roberts 0-0: Called Strike
0-1: Ball
1-1: DOUBLE (Groundball, 5L, EV 101.3 MPH)
Jose Mantilla to third
Runner from 3rd tries for Home, SAFE, no throw by LF
Batting: RHB Victor Jimenez 0-0: Called Strike
0-1: Ball
1-1: Foul Ball, location: 2F
1-2: Foul Ball, location: 2F
1-2: Foul Ball, location: 2F
1-2: Strikes out swinging
Bottom of the 2nd over - 1 run, 1 hit, 0 errors, 1 left on base; Galveston 0 - St. Pete 3
TOP OF THE 3RD
Galveston Sand Crabs batting - Pitching for St. Pete Cardinals : RHP John Martin
Batting: RHB Wil Muela 0-0: Called Strike
0-1: Swinging Strike
0-2: Ball
1-2: Fly out, F6 (Popup, 6MD, EV 58.1 MPH)
Batting: LHB David Dyrek 0-0: Ball
1-0: Foul Ball, location: 2F
1-1: Ground out 4-3 (Groundball, 4, EV 88.1 MPH)
Batting: SHB Ricardo Rivera 0-0: Ball
1-0: Ground out 6-3 (Groundball, 6, EV 79.4 MPH)
Top of the 3rd over - 0 runs, 0 hits, 0 errors, 0 left on base; Galveston 0 - St. Pete 3
BOTTOM OF THE 3RD
St. Pete Cardinals batting - Pitching for Galveston Sand Crabs : LHP Daniel Nay
Batting: RHB Joe Scime 0-0: Swinging Strike
0-1: Ball
1-1: Called Strike
1-2: Ball
2-2: Ball
3-2: Base on Balls
Batting: RHB Eric Hardgrave 0-0: Called Strike
0-1: Foul Ball, location: 2F
0-2: Foul Ball, location: 2F
0-2: Ball
1-2: Foul Ball, location: 2F
1-2: Ball
2-2: Ball
3-2: Base on Balls
Joe Scime to second
Batting: SHB Mickey Riley 0-0: Fly out, F4 (Popup, 4, EV 54.4 MPH)
Batting: RHB Omar Interiano 0-0: Ball
1-0: Called Strike
1-1: Called Strike
1-2: Ball
2-2: Foul Ball, location: 2F
2-2: Strikes out swinging
Batting: RHB Tom Magrann 0-0: Ball
1-0: Ball
2-0: Called Strike
2-1: Ball
3-1: Base on Balls
Joe Scime to third
Eric Hardgrave to second
Batting: RHB Jose Mantilla 0-0: Called Strike
0-1: Ball
1-1: Fly out, F8 (Line Drive, 8LM, EV 91.9 MPH)
Bottom of the 3rd over - 0 runs, 0 hits, 0 errors, 3 left on base; Galveston 0 - St. Pete 3
TOP OF THE 4TH
Galveston Sand Crabs batting - Pitching for St. Pete Cardinals : RHP John Martin
Batting: LHB Van Snider 0-0: Ball
1-0: Swinging Strike
1-1: Swinging Strike
1-2: Strikes out swinging
Batting: RHB Stephen Turgeon 0-0: Called Strike
0-1: Called Strike
0-2: Ball
1-2: Foul Ball, location: 2F
1-2: Ball
2-2: Strikes out looking
Batting: RHB Stephen Fleming 0-0: Ground out 1-3 (Groundball, 13S, EV 74.4 MPH)
Top of the 4th over - 0 runs, 0 hits, 0 errors, 0 left on base; Galveston 0 - St. Pete 3
BOTTOM OF THE 4TH
St. Pete Cardinals batting - Pitching for Galveston Sand Crabs : LHP Daniel Nay
Batting: LHB Richard Hazard 0-0: Called Strike
0-1: Ground out 6-3 (Groundball, 6, EV 101.9 MPH)
Batting: RHB John Roberts 0-0: Foul Ball, location: 2F
0-1: Fly out, F8 (Flyball, 8LS, EV 93.1 MPH)
Batting: RHB Victor Jimenez 0-0: Ball
1-0: Fly out, F8 (Line Drive, 8LM, EV 91.3 MPH)
Bottom of the 4th over - 0 runs, 0 hits, 0 errors, 0 left on base; Galveston 0 - St. Pete 3
TOP OF THE 5TH
Galveston Sand Crabs batting - Pitching for St. Pete Cardinals : RHP John Martin
Batting: LHB Dave Montanari 0-0: Called Strike
0-1: Ball
1-1: Called Strike
1-2: DOUBLE (Groundball, 5L, EV 93.8 MPH)
Batting: RHB Sergio Padilla 0-0: Called Strike
0-1: Foul Ball, location: 2F
0-2: Foul Ball, location: 2F
0-2: Foul Ball, location: 2F
0-2: Ball
1-2: Ground out 6-3 (Groundball, 6, EV 108.8 MPH)
Batting: RHB William Packer 0-0: Foul Ball, location: 2F
0-1: Ground out 5-3 (Groundball, 56, EV 103.8 MPH)
Batting: RHB Wil Muela 0-0: Called Strike
0-1: SINGLE (Groundball, 56D, EV 98.1 MPH)
Dave Montanari to third
Runner from 3rd tries for Home, SAFE, throw by LF to home
Batting: LHB David Dyrek 0-0: Ball
1-0: Ball
2-0: Swinging Strike
2-1: Called Strike
2-2: Foul Ball, location: 2F
2-2: Strikes out swinging
Top of the 5th over - 1 run, 2 hits, 0 errors, 1 left on base; Galveston 1 - St. Pete 3
BOTTOM OF THE 5TH
St. Pete Cardinals batting - Pitching for Galveston Sand Crabs : LHP Daniel Nay
Batting: RHB Joe Scime 0-0: Ball
1-0: Ball
2-0: Foul Ball, location: 2F
2-1: SOLO HOME RUN (Flyball, 7D, EV 96.3 MPH), Distance : 364 ft
Batting: RHB Eric Hardgrave 0-0: Ball
1-0: Ball
2-0: Ball
3-0: Called Strike
3-1: Swinging Strike
3-2: Base on Balls
Pitching: RHP Steven Jenter
Batting: SHB Mickey Riley 0-0: Called Strike
0-1: Swinging Strike
0-2: Fly out, F8 (Flyball, 8LS, EV 83.8 MPH)
Batting: RHB Omar Interiano 0-0: Ball
1-0: Ball
2-0: Ball
3-0: Base on Balls
Eric Hardgrave to second
Batting: RHB Tom Magrann 0-0: Called Strike
0-1: Swinging Strike
0-2: DOUBLE (Flyball, 8RXD, EV 103.1 MPH)
Eric Hardgrave scores
Omar Interiano to third
Runner from 3rd tries for Home, SAFE, throw by CF to home
Batting: RHB Jose Mantilla 0-0: Called Strike
0-1: Ball
1-1: Ball
2-1: Fly out, F8 (Flyball, 8LXD, EV 90.0 MPH)
Runner from 2nd tags up, SAFE at 3rd, no throw by CF
Batting: LHB Richard Hazard 0-0: Foul Ball, location: 2F
0-1: Ball
1-1: Called Strike
1-2: Ground out 1-3 (Groundball, 13, EV 68.8 MPH)
Bottom of the 5th over - 3 runs, 2 hits, 0 errors, 1 left on base; Galveston 1 - St. Pete 6
TOP OF THE 6TH
Galveston Sand Crabs batting - Pitching for St. Pete Cardinals : RHP John Martin
Batting: SHB Ricardo Rivera 0-0: Called Strike
0-1: Ball
1-1: Ball
2-1: Fly out, F9 (Flyball, 9S, EV 85.0 MPH)
Batting: LHB Van Snider 0-0: Ball
1-0: Ball
2-0: Ball
3-0: Called Strike
3-1: Base on Balls
Batting: RHB Stephen Turgeon 0-0: Called Strike
0-1: Ball
1-1: Foul Ball, location: 2F
1-2: Ball
2-2: Ball
Van Snider steals 2nd base
3-2: Foul Ball, location: 2F
3-2: Strikes out swinging
Batting: RHB Stephen Fleming 0-0: Foul Ball, location: 2F
0-1: Ball
1-1: Foul Ball, location: 2F
1-2: Fly out, F7 (Flyball, 78S, EV 90.0 MPH)
Top of the 6th over - 0 runs, 0 hits, 0 errors, 1 left on base; Galveston 1 - St. Pete 6
BOTTOM OF THE 6TH
St. Pete Cardinals batting - Pitching for Galveston Sand Crabs : RHP Steven Jenter
Batting: RHB John Roberts 0-0: Ball
1-0: Called Strike
1-1: Swinging Strike
1-2: Fly out, F8 (Flyball, 8LS, EV 88.1 MPH)
Batting: RHB Victor Jimenez 0-0: Ball
1-0: Foul Ball, location: 2F
1-1: Ball
2-1: Fly out, F4 (Line Drive, 4, EV 73.1 MPH)
Batting: RHB Joe Scime 0-0: Called Strike
0-1: Ball
1-1: Ball
2-1: Swinging Strike
2-2: Strikes out looking
Bottom of the 6th over - 0 runs, 0 hits, 0 errors, 0 left on base; Galveston 1 - St. Pete 6
TOP OF THE 7TH
Galveston Sand Crabs batting - Pitching for St. Pete Cardinals : RHP John Martin
Batting: LHB Dave Montanari 0-0: Ground out 6-3 (Groundball, 6S, EV 87.5 MPH)
Batting: RHB Sergio Padilla 0-0: Ball
1-0: Ground out U3 (Groundball, 13, EV 90.0 MPH)
Batting: RHB William Packer 0-0: Called Strike
0-1: Ball
1-1: Foul Ball, location: 2F
1-2: Ball
2-2: Fly out, F6 (Flyball, 5D, EV 88.1 MPH)
Top of the 7th over - 0 runs, 0 hits, 0 errors, 0 left on base; Galveston 1 - St. Pete 6
BOTTOM OF THE 7TH
St. Pete Cardinals batting - Pitching for Galveston Sand Crabs : RHP Steven Jenter
Batting: RHB Eric Hardgrave 0-0: Ball
1-0: Ball
2-0: Called Strike
2-1: Ball
3-1: Base on Balls
Batting: SHB Mickey Riley 0-0: Called Strike
0-1: Ball
1-1: SINGLE (Groundball, 6MD, EV 94.4 MPH)
Eric Hardgrave to second
Runner from 2nd tries for 3rd, SAFE, throw by CF made to third
Batting: RHB Omar Interiano 0-0: Swinging Strike
0-1: Ball
1-1: Called Strike
1-2: Ball
2-2: Fielders Choice at 2nd, 3-6 (Groundball, 34S, EV 80.0 MPH)
Eric Hardgrave scores
Batting: RHB Tom Magrann 0-0: Fly out, F8 (Flyball, 89S, EV 76.3 MPH)
Batting: RHB Jose Mantilla 0-0: Fly out, F9 (Line Drive, 9, EV 89.4 MPH)
Bottom of the 7th over - 1 run, 1 hit, 0 errors, 1 left on base; Galveston 1 - St. Pete 7
TOP OF THE 8TH
Galveston Sand Crabs batting - Pitching for St. Pete Cardinals : RHP John Martin
Batting: RHB Wil Muela 0-0: Foul Ball, location: 2F
0-1: Swinging Strike
0-2: Ball
1-2: Foul Ball, location: 2F
1-2: Ball
2-2: Fly out, F7 (Flyball, 7D, EV 103.1 MPH)
Batting: LHB David Dyrek 0-0: Ball
1-0: Ball
2-0: Foul Ball, location: 2F
2-1: Ball
3-1: SINGLE (Line Drive, 9LS, EV 113.1 MPH)
Batting: SHB Ricardo Rivera 0-0: Ball
1-0: Called Strike
1-1: Fielders Choice at 2nd, 4-6 (Groundball, 34, EV 90.0 MPH)
Batting: LHB Van Snider 0-0: Ball
1-0: SINGLE (Line Drive, 89S, EV 87.5 MPH)
Ricardo Rivera to second
Runner from 2nd tries for 3rd, SAFE, throw by RF made to third
Batting: RHB Stephen Turgeon 0-0: Ball
1-0: Ball
2-0: Ball
3-0: Base on Balls
Van Snider to second
Batting: RHB Stephen Fleming 0-0: Fly out, F9 (Flyball, 9LS, EV 82.5 MPH)
Top of the 8th over - 0 runs, 2 hits, 0 errors, 3 left on base; Galveston 1 - St. Pete 7
BOTTOM OF THE 8TH
St. Pete Cardinals batting - Pitching for Galveston Sand Crabs : RHP Steven Jenter
Batting: LHB Richard Hazard 0-0: Ball
1-0: Ground out 5-3 (Groundball, 5L, EV 78.8 MPH)
Batting: RHB John Roberts 0-0: Called Strike
0-1: Swinging Strike
0-2: Foul Ball, location: 2F
0-2: Ball
1-2: Ball
2-2: Fly out, F7 (Flyball, 7D, EV 94.4 MPH)
Batting: RHB Victor Jimenez 0-0: Called Strike
0-1: Swinging Strike
0-2: Strikes out swinging
Bottom of the 8th over - 0 runs, 0 hits, 0 errors, 0 left on base; Galveston 1 - St. Pete 7
TOP OF THE 9TH
Galveston Sand Crabs batting - Pitching for St. Pete Cardinals : RHP John Martin
Batting: LHB Dave Montanari 0-0: Foul Ball, location: 2F
0-1: Ground out 4-3 (Groundball, 4MD, EV 93.8 MPH)
Batting: RHB Sergio Padilla 0-0: Fly out, F8 (Line Drive, 8LD, EV 90.0 MPH)
Now in CF: Scott Campbell
Batting: RHB William Packer 0-0: Ball
1-0: Swinging Strike
1-1: Foul Ball, location: 2F
1-2: Fly out, F4 (Popup, 34S, EV 85.0 MPH)
Top of the 9th over - 0 runs, 0 hits, 0 errors, 0 left on base; Galveston 1 - St. Pete 7
Monday, August 10th, 2020 - OOTP Baseball 21.5 Build 76